Map: Abiogenesis LE

Players

Neeb - Winner!

  • Race: Protoss Protoss
  • Spawn Location: 11:00

Scarlett

  • Race: Zerg Zerg
  • Spawn Location: 5:00

Event: 2018 Hangzhou StarCraft Carnival

VOD

Have the link to the VOD?

Description

Time

  • Played on: April 29, 2018, 1:50 a.m.
  • Length: 6:50

All games in this series

Show
View Real Time Build Order
Export as new Build Order

Neeb Protoss - Winner!

Build Orders:  

Get SALT Encoding   

  12  0:00  Probe  
  13  0:12  Probe  
  14  0:17  Pylon  
  14  0:24  Probe  
  15  0:32  Probe  
  15  0:40  Probe  
  15  0:41  Gateway  
  16  0:49  Assimilator  
  17  0:51  Probe  
  18  1:03  Probe  
  19  1:10  Gateway  
  19  1:28  Cybernetics Core  
  19  1:39  Pylon  
  21  1:46  Zealot  
  21  1:51  Nexus  
  19  1:58  Probe  
  22  2:05  Adept  
  24  2:10  Adept, Probe  
  25  2:20  Assimilator  
  25  2:22  Warp Gate  
  27  2:26  Pylon  
  27  2:32  Adept  
  29  2:42  Probe  
  30  2:46  Adept  
  32  2:54  Probe  
  33  3:06  Probe x2  
  31  3:14  Probe  
  31  3:17  Adept x2  
  31  3:18  Probe  
  37  3:22  Probe  
  38  3:30  Probe  
  38  3:31  Gateway  
  38  3:33  Probe  
  40  3:42  Probe  
  40  3:44  Stalker  
  40  3:47  Sentry  
  45  3:51  Shield Battery  
  45  3:54  Pylon  
  41  3:58  Shield Battery  
  41  4:07  Shield Battery  
  41  4:09  Pylon  
  41  4:12  Probe  
  41  4:13  Probe  
  43  4:24  Sentry x2  
  43  4:25  Probe x2  
  43  4:30  Robotics Facility  
  49  4:33  Stalker  
  49  4:37  Probe  
  52  4:42  Probe  
  52  4:45  Stalker  
  55  4:52  Pylon  
  55  4:54  Pylon  
  55  4:56  Sentry  
  55  4:59  Shield Battery  
  57  5:01  Shield Battery  
  57  5:02  Zealot  
  57  5:08  Cybernetics Core  
  57  5:12  Immortal  
  57  5:14  Zealot  
  59  5:22  Zealot  
  59  5:32  Gateway  
  59  5:36  Zealot  
  59  5:40  Probe x2  
  59  5:41  Immortal  
  63  5:45  Zealot  
  65  5:52  Probe  
  65  5:53  Probe  
  71  5:58  Zealot  
  73  6:06  Stalker  
  75  6:15  Probe x2  
  77  6:20  Pylon  
  77  6:21  Pylon  
  77  6:23  Stalker  
  83  6:27  Probe x2  
  85  6:38  Pylon  
  86  6:40  Pylon  
  86  6:44  Zealot x2  
Show
View Real Time Build Order
Export as new Build Order

Scarlett Zerg 

Build Orders: Pool First 

Get SALT Encoding   

  12  0:00  Drone  
  13  0:12  Overlord  
  13  0:17  Drone  
  14  0:30  Drone x2  
  16  0:40  Spawning Pool  
  15  0:44  Drone  
  15  0:47  Drone  
  17  0:56  Drone  
  18  1:09  Extractor  
  17  1:22  Hatchery  
  16  1:27  Zergling x4  
  16  1:30  Zergling x2  
  16  1:32  Queen  
  19  1:38  Drone  
  22  1:49  Overlord  
  22  2:08  Queen  
  23  2:18  Metabolic Boost  
  23  2:20  Drone x2  
  25  2:33  Queen  
  27  2:38  Drone x2  
  27  2:42  Overlord  
  27  2:43  Zergling x4  
  31  2:50  Queen  
  33  2:55  Zergling x2  
  32  3:07  Zergling x8  
  34  3:17  Queen  
  37  3:20  Zergling x2  
  37  3:24  Zergling x4  
  39  3:31  Zergling x2  
  39  3:32  Zergling x4  
  42  3:44  Zergling x4  
  43  3:52  Overlord x2  
  43  3:53  Zergling x4  
  43  4:05  Zergling x2  
  44  4:14  Zergling x12  
  50  4:26  Zergling x8  
  54  4:31  Queen  
  56  4:45  Zergling x6  
  56  4:49  Zergling x4  
  54  4:57  Zergling x2  
  49  5:01  Zergling x2  
  49  5:02  Queen  
  45  5:10  Zergling x2  
  44  5:16  Zergling x2  
  44  5:23  Zergling x4  
  40  5:29  Drone  
  40  5:33  Drone  
  42  5:40  Drone  
  42  5:42  Drone  
  44  5:51  Zergling x2  
  44  5:53  Roach Warren  
  44  5:58  Zergling x2  
  44  6:03  Queen x2  
  49  6:09  Zergling x10  
  53  6:29  Zergling x6  
Tags
 
Add a new tag
Caveats
  • Supply blocks, unpowered buildings, or Contaminate may cause inaccurate times.
  • Supply counts are checked every 10 seconds.